 Dungeon Crawl Stone Soup version 0.24-a0-506-g958ff8eaa0 (webtiles) character file.

Game seed: 3463186683675454272

35 KapersCrawl the Firebug (level 3, -9/19 HPs)
             Began as a Tengu Fire Elementalist on July 18, 2019.
             Killed by divine providence
             ... invoked by an orc priest
              (12 damage)
             ... on level 4 of the Dungeon.
             The game lasted 00:03:51 (1292 turns).

KapersCrawl the Firebug (Tengu Fire Elementalist)   Turns: 1292, Time: 00:03:52

Health: -9/19      AC:  2    Str:  8    XL:     3   Next: 35%
Magic:  4/7        EV: 13    Int: 16    God:
Gold:   88         SH:  0    Dex: 14    Spells: 0/6 levels left

rFire    . . .     SeeInvis .   (no weapon)
rCold    . . .     Gourm    .   (no shield)
rNeg     . . .     Faith    .   a - +0 robe
rPois    .         Spirit   .   (helmet restricted)
rElec    .         Reflect  .   (no cloak)
rCorr    .         Harm     .   (no gloves)
MR       .....                  (boots unavailable)
Stlth    ++........             (no amulet)
HPRegen  0.06/turn              (no ring)
MPRegen  0.10/turn              (no ring)

@: lethally poisoned (-9 -> -15), very slightly contaminated
A: beak, talons 3
a: no special abilities


You were on level 4 of the Dungeon.
You were not hungry.

You visited 1 branch of the dungeon, and saw 3 of its levels.

You collected 88 gold pieces.

Inventory:

Hand Weapons
 w - a +0 hunting sling
Missiles
 b - 6 boomerangs (quivered)
 d - 27 stones
Armour
 a - a +0 robe (worn)
Scrolls
 e - a scroll of identify
Potions
 i - a potion of might
Comestibles
 c - 3 rations
 h - 2 chunks of flesh


   Skills:
 + Level 2.6 Dodging
 + Level 2.4 Stealth
 + Level 2.3 Spellcasting
 + Level 2.2 Conjurations
 + Level 3.6 Fire Magic


You couldn't memorise any spells.
You knew the following spells:

 Your Spells              Type           Power        Failure   Level  Hunger
a - Flame Tongue          Conj/Fire      ##...        6%          1    #......
b - Throw Flame           Conj/Fire      ##....       9%          2    ###....
c - Conjure Flame         Conj/Fire      ##......     19%         3    ###....

Your spell library contained the following spells:

 Spells                   Type           Power        Failure   Level  Hunger
 Inner Flame              Hex/Fire       #.......     28%         3    ###....
 Sticky Flame             Conj/Fire      ##......     52%         4    #####..
 Fireball                 Conj/Fire      ##........   86%         5    ######.


Dungeon Overview and Level Annotations

Branches:
Dungeon (2/15)

Altars:


Innate Abilities, Weirdness & Mutations

You have a beak for a mouth.
You have claws for feet.


Message History

A centaur skeleton comes into view.
The orc priest calls down the wrath of Beogh upon you.
Beogh smites you! The adder barely misses you.
You hear a shout!
The adder closely misses you.
The orc wizard hits you with a +0 dagger.
An orc comes into view. It is wielding a +0 dagger.
The orc wizard casts a spell.
The orc wizard flickers and vanishes!
Deactivating autopickup; reactivate with Ctrl-A.
The adder bites you.
* * * LOW HITPOINT WARNING * * *
You are lethally poisoned!
The adder poisons you!
* * * LOW HITPOINT WARNING * * *
You feel sick.
The orc priest mumbles some strange prayers to Beogh against you.
Beogh smites you!
Ouch! That really hurt!
You die...

#............
#.............
#.Z...........
#..............
#..............
#.......l......
#..............
#..@.So.oo.....
######..o......
#.{...o...
#.........
#######... .


You could see an iguana, an orc priest, an orc wizard, an adder, 2 orcs and a
centaur skeleton (dormant).

Vanquished Creatures
  An ooze (D:1)
  A worm (D:2)
  3 dart slugs (D:1)
  A ball python (D:1)
  6 hobgoblins (D:1)
  5 bats (D:1)
  A goblin (D:1)
  A kobold (D:1)
  4 rats (D:1)
23 creatures vanquished.

Notes
Turn   | Place    | Note
-------+----------+-------------------------------------------
     0 | D:1      | KapersCrawl the Tengu Fire Elementalist began the quest for
                  | the Orb.
     0 | D:1      | Reached XP level 1. HP: 10/10 MP: 4/4
   418 | D:1      | Reached XP level 2. HP: 14/15 MP: 1/6
   487 | D:1      | Learned a level 2 spell: Throw Flame
   773 | D:1      | Reached XP level 3. HP: 19/19 MP: 5/7
   817 | D:1      | Learned a level 3 spell: Conjure Flame
  1283 | D:2      | You fall into a shaft and drop 2 floors!
  1292 | D:4      | Killed from afar by an orc priest

Levels and vault maps discovered:
D:1:      minmay_arrival_four_houses, layout_loops_ring, minmay_cupped
D:2:      layout_rooms, nicolae_ru_awakened_eye, dk_vineyard_2
D:4:      layout_basic, minmay_temple_entry_junction, minmay_misc_feat_room

Skill      XL: |  1  2 |
---------------+-------+-----
Conjurations   | 2 |  2.2
Dodging        | |  2.6
Stealth        | |  2.4
Spellcasting   | |  2.3
Fire Magic     | |  3.6

Action                   || total
-------------------------++-------
 Cast: Flame Tongue      ||    47
  Use: Scroll            ||     3
  Eat: Chunk             ||     2
Armor: Robe              ||     3
Dodge: Dodged            ||    12

Table legend:
 A = Non-vault XP
 B = Vault XP
 C = Vault XP percentage of total XP
 D = Non-vault monster count
 E = Vault monster count
 F = Vault count percentage of total count
                 A         B        C        D         E       F
            +---------+---------+-------+---------+---------+-------
      Total |      47 |       4 |   7.8 |      19 |       4 |  17.4
            +---------+---------+-------+---------+---------+-------
        D:1 |      42 |       4 |   8.7 |      18 |       4 |  18.2
        D:2 |       5 |       0 |   0.0 |       1 |       0 |   0.0
            +---------+---------+-------+---------+---------+-------
